 Dungeon Sprint DCSS version 0.23-a0-726-g9fa1570 (webtiles) character file.

17822 Lanoc the Eternal Night (level 12, -12/103 HPs)
             Began as a Demonspawn Fighter on Jan 17, 2019.
             Was the Champion of Dithmenos.
             Killed from afar by an ogre mage (21 damage)
             ... with a bolt of poison
             ... in the Dungeon (Sprint IX: "|||||||||||||||||||||||||||||").
             The game lasted 00:16:49 (4653 turns).

Lanoc the Eternal Night (Demonspawn Fighter)        Turns: 4653, Time: 00:16:49

Health: -12/103    AC: 27    Str: 20    XL:     12   Next: 22%
Magic:  22/22      EV: 13    Int:  9    God:    Dithmenos [******]
Gold:   1951       SH: 12    Dex: 15    Spells: 11/11 levels left

rFire    . . .     SeeInvis .   C - +7 quick blade
rCold    . . .     Gourm    .   c - +0 shield
rNeg     . . .     Faith    .   D - +3 chain mail
rPois    .         Spirit   .   (no helmet)
rElec    +         Reflect  .   j - +0 cloak
rCorr    .         Harm     .   E - +1 pair of gloves
MR       .....     NoTele   +   r - +0 pair of boots
Stlth    +++++.....             (no amulet)
HPRegen  0.27/turn              b - +2 ring of protection
MPRegen  0.18/turn              t - +2 ring of protection

@: lethally poisoned (-12 -> -20), very slightly contaminated, wreathed by umbra
A: claws 1, thin metallic scales 3, demonic guardian 1, nightstalker 1
a: Shadow Step, Shadow Form, Renounce Religion


You were in the Dungeon.
You worshipped Dithmenos.
Dithmenos was exalted by your worship.
You were not hungry.

You visited 1 branch You collected 1951 gold pieces.

Inventory:

Hand Weapons
 p - a +2 rapier of venom
 y - a +4 dagger of draining
 C - a +7 quick blade (weapon)
Armour
 c - a +0 shield (worn)
 j - a +0 cloak (worn)
 r - a +0 pair of boots (worn)
 D - a +3 chain mail (worn)
 E - a +1 pair of gloves (worn)
Jewellery
 a - an uncursed ring of poison resistance
 b - a +2 ring of protection (left hand)
 t - a +2 ring of protection (right hand)
 z - an uncursed ring of see invisible
 A - an uncursed ring of ice
 B - an uncursed ring of protection from cold
Wands
 o - a wand of acid (13)
Scrolls
 k - 3 scrolls of blinking
 m - 4 scrolls of remove curse
 n - 2 scrolls of amnesia
 v - 3 scrolls of identify
 w - a scroll of fear
 x - a scroll of fog
Potions
 e - 5 potions of heal wounds
 g - 2 potions of curing
 h - 2 potions of haste
 i - 4 potions of magic
 l - a potion of resistance
 u - 3 potions of mutation
 F - 2 potions of brilliance
Comestibles
 f - 11 rations


   Skills:
 + Level 12.7 Fighting
 + Level 14.3(14.6) Short Blades
   Level 5.2(10.8) Long Blades
 + Level 8.5 Armour
 + Level 11.3 Dodging
 + Level 11.5 Stealth
 + Level 9.4 Shields
 + Level 14.6 Invocations


You had 11 spell levels left.
You didn't know any spells.
Your spell library contained the following spells:

 Spells                   Type           Power        Failure   Level  Hunger
 Irradiate                Conj/Tmut      #.........   100%        5    ######.
 Hydra Form               Tmut           #.........   100%        6    #######
 Statue Form              Tmut/Erth      #........    100%        6    #######
 Dragon Form              Tmut           #.........   100%        7    #######


Dungeon Overview and Level Annotations

Branches:
Dungeon (1/1)

Altars:
Cheibriados
Dithmenos
Elyvilon
Fedhas
Gozag
Hepliaklqana
Kikubaaqudgha
Makhleb
Nemelex Xobeh
Okawaru
Qazlal
Ru
Sif Muna
Trog
Uskayaw
Vehumet
Wu Jian
Xom
Yredelemnul
Zin
The Shining One
Beogh
Jiyva
Lugonu

Shops:
D [*(?


Innate Abilities, Weirdness & Mutations

You have sharp fingernails.
You are completely covered in thin metallic scales. (AC +4, rElec)
A weak demonic guardian rushes to your aid.
You are slightly more attuned to the shadows.


Message History

The ogre mage is almost dead.
The ogre mage hits you but does no damage.
You hit the ogre mage.
The ogre mage is almost dead.
You hit the ogre mage.
The ogre mage is almost dead.
Your shadow hits the ogre mage but does no damage.
Your quasit barely misses the vampire knight.
Your quasit closely misses the vampire knight.
Your quasit claws the vampire knight but does no damage.
The vampire knight hits you with a +0 war axe!
* * * LOW HITPOINT WARNING * * *
The vampire knight hits your quasit with a +0 war axe!
The vampire knight barely misses you.
You hit the ogre mage.
The ogre mage is almost dead.
The ogre mage gestures at you while chanting.
The bolt of poison hits you!
You are poisoned.
You die...

▓▓▓▓▓▓▓▓▓▓▓▓▓▓▓▓▓▓▓▓▓▓▓
.....(..[())((5V@OcuT..
▓▓▓▓▓▓▓▓▓▓▓▓▓▓▓▓▓▓▓▓▓▓▓▓▓▓▓▓▓▓▓▓▓
.................................
▓▓▓▓▓▓▓▓▓▓▓▓▓▓▓▓▓▓▓▓▓▓▓▓▓▓▓▓▓▓▓▓▓
[[[.....'[...)∩.∩)∩)∩)....'......
▓▓▓▓▓▓▓▓▓▓▓▓▓▓▓▓▓▓▓▓▓▓▓▓▓▓▓▓▓▓▓▓▓
..................)...[..........
▓▓▓▓▓▓▓▓▓▓▓▓▓▓▓▓▓▓▓▓▓▓▓▓▓▓▓▓▓▓▓▓▓
........§§555§§...).(.'..[[[...'.


You could see a cyan very ugly thing, a vampire knight, an ogre mage, a deep
troll shaman, a centaur and a friendly quasit.

Vanquished Creatures
  An ettin (D)
  A great orb of eyes (D)
  2 hydras (D)
  A death knight (D)
  A centaur warrior (D)
  A two-headed ogre (D)
  3 orc high priests (D)
  12 orc knights (D)
  An orc sorcerer (D)
  Maurice (D)
  A spiny frog (D)
  A rime drake (D)
  A blink frog (D)
  4 hippogriffs (D)
  A slime creature (D)
  2 yaks (D)
  A vampire (D)
  A wyvern (D)
  2 basilisks (D)
  A vampire mosquito (D)
  A water moccasin (D)
  2 wargs (D)
  3 hell hounds (D)
  11 orc warriors (D)
  2 porcupines (D)
  4 wolves (D)
  2 centaurs (D)
  2 crocodiles (D)
  3 bullfrogs (D)
  A scorpion (D)
  A crimson imp (D)
  A jelly (D)
  2 orc priests (D)
  2 iguanas (D)
  An orc wizard (D)
  A worker ant (D)
  A gnoll (D)
  An adder (D)
  8 orcs (D)
  2 hobgoblins (D)
  A kobold (D)
  A quokka (D)
  A bat (D)
  A giant cockroach zombie (D)
94 creatures vanquished.

Vanquished Creatures (collateral kills)
  An orc knight (D)
  An orc (D)
2 creatures vanquished.

Grand Total: 96 creatures vanquished

Notes
Turn   | Place    | Note
-------+----------+-------------------------------------------
     0 | D        | Lanoc the Demonspawn Fighter began the quest for the Orb.
     0 | D        | Reached XP level 1. HP: 18/18 MP: 1/1
     7 | D        | Gained mutation: You are partially covered in thin metallic
                  | scales. (AC +2) [demonic ancestry]
     7 | D        | Reached XP level 2. HP: 22/25 MP: 2/2
    81 | D        | Noticed a crimson imp
    81 | D        | Noticed a scorpion
    89 | D        | Gained mutation: You are slightly more attuned to the
                  | shadows. [demonic ancestry]
    89 | D        | Reached XP level 3. HP: 15/31 MP: 3/3
   110 | D        | Killed a scorpion
   110 | D        | Reached skill level 5 in Fighting
   110 | D        | Reached XP level 4. HP: 31/39 MP: 4/4
   135 | D        | Reached skill level 5 in Long Blades
   135 | D        | Reached skill level 5 in Armour
   141 | D        | Found a roughly hewn altar of Beogh.
   141 | D        | Found a snail-covered altar of Cheibriados.
   141 | D        | Found a shadowy altar of Dithmenos.
   141 | D        | Found a white marble altar of Elyvilon.
   141 | D        | Found a blossoming altar of Fedhas.
   142 | D        | Found an opulent altar of Gozag.
   143 | D        | Found a hazy altar of Hepliaklqana.
   144 | D        | Found a viscous altar of Jiyva.
   145 | D        | Found an ancient bone altar of Kikubaaqudgha.
   146 | D        | Found a corrupted altar of Lugonu.
   147 | D        | Found a burning altar of Makhleb.
   148 | D        | Found a sparkling altar of Nemelex Xobeh.
   152 | D        | Became a worshipper of Dithmenos the Shadowed
   156 | D        | Found an iron altar of Okawaru.
   157 | D        | Found a stormy altar of Qazlal.
   158 | D        | Found a sacrificial altar of Ru.
   159 | D        | Found a deep blue altar of Sif Muna.
   160 | D        | Found a bloodstained altar of Trog.
   161 | D        | Found a hide-covered altar of Uskayaw.
   162 | D        | Found a radiant altar of Vehumet.
   163 | D        | Found an ornate altar of the Wu Jian Council.
   164 | D        | Found a shimmering altar of Xom.
   165 | D        | Found a basalt altar of Yredelemnul.
   166 | D        | Found a glowing silver altar of Zin.
   167 | D        | Found a glowing golden altar of the Shining One.
   312 | D        | Noticed a hippogriff
   312 | D        | Noticed a hippogriff
   318 | D        | Killed a hippogriff
   318 | D        | Reached skill level 5 in Dodging
   318 | D        | Gained mutation: You have sharp fingernails. [demonic
                  | ancestry]
   318 | D        | Reached XP level 5. HP: 28/47 MP: 4/8
   318 | D        | Gained mutation: You are mostly covered in thin metallic
                  | scales. (AC +3) [demonic ancestry]
   318 | D        | Reached XP level 6. HP: 32/53 MP: 4/9
   323 | D        | Reached * piety under Dithmenos
   325 | D        | Reached skill level 5 in Short Blades
   334 | D        | Killed a hippogriff
   334 | D        | Reached XP level 7. HP: 11/60 MP: 5/11
   339 | D        | Reached ** piety under Dithmenos
   595 | D        | Noticed a vampire mosquito
   595 | D        | Noticed a two-headed ogre
   598 | D        | Noticed a wyvern
   603 | D        | Reached skill level 5 in Stealth
   618 | D        | Killed a vampire mosquito
   627 | D        | Killed a two-headed ogre
   627 | D        | Reached *** piety under Dithmenos
   627 | D        | Reached XP level 8. HP: 69/69 MP: 12/14
   844 | D        | Noticed a five-headed hydra
   844 | D        | Noticed a spiny frog
   856 | D        | Killed a five-headed hydra
   856 | D        | Reached skill level 10 in Invocations
   856 | D        | Gained mutation: A weak demonic guardian rushes to your
                  | aid. [demonic ancestry]
   856 | D        | Reached XP level 9. HP: 41/77 MP: 14/16
   867 | D        | Reached **** piety under Dithmenos
   874 | D        | Killed a spiny frog
   874 | D        | Reached skill level 10 in Short Blades
  1190 | D        | Reached ***** piety under Dithmenos
  1253 | D        | Noticed a rime drake
  1256 | D        | Reached skill level 5 in Shields
  1259 | D        | Reached skill level 10 in Fighting
  1263 | D        | Noticed an eight-headed hydra
  1305 | D        | Killed an eight-headed hydra
  1305 | D        | Reached XP level 10. HP: 54/86 MP: 18/18
  1314 | D        | Reached ****** piety under Dithmenos
  1913 | D        | Noticed Maurice
  1933 | D        | Killed Maurice
  2086 | D        | Noticed an orc sorcerer
  2088 | D        | Noticed an orc knight
  2128 | D        | Killed an orc knight
  2128 | D        | Paralysed by an orc sorcerer for 5 turns
  2147 | D        | Killed an orc sorcerer
  2423 | D        | Noticed an orc knight
  2427 | D        | Noticed an orc knight
  2497 | D        | Killed an orc knight
  2497 | D        | Reached skill level 10 in Dodging
  2497 | D        | Reached XP level 11. HP: 72/93 MP: 20/20
  2525 | D        | Killed an orc knight
  2525 | D        | Reached skill level 10 in Stealth
  2791 | D        | Noticed an orc knight
  2791 | D        | Noticed an orc knight
  2791 | D        | Noticed an orc high priest
  2791 | D        | Noticed an orc knight
  2791 | D        | Noticed an orc knight
  2792 | D        | Found Vixtorr's Armour Emporium.
  2792 | D        | Noticed an orc knight
  2851 | D        | Killed an orc knight
  2855 | D        | Killed an orc knight
  2856 | D        | Noticed an orc high priest
  2908 | D        | Killed an orc high priest
  3076 | D        | Killed an orc knight
  3193 | D        | Killed an orc knight
  3233 | D        | Killed an orc knight
  3244 | D        | Killed an orc high priest
  3270 | D        | Noticed an orc knight
  3271 | D        | Found Kewkam's General Store.
  3273 | D        | Found Uchudgh's Weapon Emporium.
  3282 | D        | Noticed an orc high priest
  3292 | D        | Killed an orc knight
  3335 | D        | Killed an orc high priest
  3337 | D        | Found Hisyff's Magic Scroll Shoppe.
  3567 | D        | Noticed an orc knight
  3568 | D        | Noticed an orc knight
  3569 | D        | Noticed an orc knight
  3570 | D        | Noticed an orc knight
  3614 | D        | Killed an orc knight
  3714 | D        | Killed an orc knight
  4072 | D        | Killed an orc knight
  4088 | D        | Killed an orc knight
  4546 | D        | Noticed a death knight
  4546 | D        | Noticed a centaur warrior
  4587 | D        | Killed a death knight
  4587 | D        | Gained mutation: You are completely covered in thin
                  | metallic scales. (AC +4, rElec) [demonic ancestry]
  4587 | D        | Reached XP level 12. HP: 47/103 MP: 22/22
  4590 | D        | Killed a centaur warrior
  4613 | D        | Noticed a great orb of eyes
  4614 | D        | Noticed a vampire knight
  4619 | D        | Noticed an ettin
  4634 | D        | Noticed an ogre mage
  4636 | D        | Killed a great orb of eyes
  4637 | D        | Noticed a cyan very ugly thing
  4640 | D        | Killed an ettin
  4641 | D        | Noticed a deep troll shaman
  4653 | D        | Killed from afar by an ogre mage

Vault maps used:
D:        linesprint

Skill      XL: |  1  2  3  4  5  6  7  8  9 10 11 |
---------------+----------------------------------+-----
Armour         | 3 4 5 6 8 |  8.5
Dodging        | 2 3 5 7 8 9 10 11 | 11.3
Fighting       | 4 5 6 7 8 9 10 11 12 | 12.7
Long Blades    | 3 4 5 |  5.2
Short Blades   | 4 6 8 9 11 12 14 | 14.3
Stealth        | 3 4 6 7 8 9 11 | 11.5
Invocations    | 4 6 8 10 11 12 14 | 14.6
Shields        | 4 5 7 9 |  9.4

Action                   |  1- 3 |  4- 6 |  7- 9 | 10-12 || total
-------------------------+-------+-------+-------+-------++-------
Melee: Long sword        |    36 |    24 |       |       ||    60
       Rapier            |       |    22 |   118 |   126 ||   266
       Dagger            |       |       |       |   507 ||   507
       Quick blade       |       |       |       |    92 ||    92
  Use: Potion            |     3 |       |     4 |     5 ||    12
       Scroll            |       |       |       |     4 ||     4
 Stab: Distracted        |       |       |       |     2 ||     2
       Sleeping          |       |       |       |     1 ||     1
       Invisible         |       |       |       |     7 ||     7
  Eat: Chunk             |       |       |       |     9 ||     9
       Ration            |       |       |       |     1 ||     1
Armor: Scale mail        |    13 |    11 |       |       ||    24
       Chain mail        |       |    19 |    61 |    99 ||   179
Dodge: Dodged            |    22 |    10 |    43 |   122 ||   197
Block: Shield            |    10 |    19 |    55 |   148 ||   232
       Rpst.: Long sword |     6 |     2 |       |       ||     8

Table legend:
 A = Non-vault XP
 B = Vault XP
 C = Vault XP percentage of total XP
 D = Non-vault monster count
 E = Vault monster count
 F = Vault count percentage of total count
                 A         B        C        D         E       F
            +---------+---------+-------+---------+---------+-------
      Total |       0 |   25460 | 100.0 |       0 |      96 | 100.0
            +---------+---------+-------+---------+---------+-------
          D |       0 |   25460 | 100.0 |       0 |      96 | 100.0
            +---------+---------+-------+---------+---------+-------
